AoeStats
← mahel

Black Forest

508932417Analyzed
4v4 RM · 8d ago on Sep 24, 2026· 48m 18s· 8 players
Game mode
Random Map
Map size
Large (8 player)
Population
200
Speed
Normal
Resources
Standard
Victory
Conquest
Starting age
Dark Age
Ending age
Imperial Age
RankedLock teamsTeams togetherTeam positionsShared explorationLock speedFull tech treeHidden civsTurbo modeCheats
Victory
Defeat
🇨🇳 Mongols · China
894
+15
🇺🇸 Armenians · United States
878
+16
🇲🇽 Byzantines · Mexico
877
+16
🇫🇷 Teutons · France
853
+18
🇨🇿 Varangians · Czechia
906
-17
🇨🇿 Persians · Czechia
888
-17
🇨🇿 Italians · Czechia
869
-16
🇪🇸 Franks · Spain
843
-15
Daikuangel
0:27 Loom
12:41 Feudal Age
18:33 Castle Age
16:27 Fishing Lines
17:28 Double-Bit Axe
19:54 Wheelbarrow
23:48 Horse Collar
25:14 Gillnets
30:10 Imperial Age
28:00 Heavy Plow
28:32 Ballistics
28:11 Fletching
28:22 Padded Archer Armor
28:36 Caravan
29:21 Bow Saw
28:41 Elite Skirmisher
29:48 Bodkin Arrow
30:09 Leather Archer Armor
30:06 Gold Mining
30:06 Stone Mining
31:11 Forging
31:36 Bracer
32:42 Chemistry
33:12 Scale Barding Armor
33:43 Iron Casting
33:33 Hand Cart
34:00 Gold Shaft Mining
33:55 Pikeman
33:56 Man-at-Arms
35:54 Two-Man Saw
35:26 Chain Barding Armor
36:08 Coinage
36:37 Ring Archer Armor
36:27 Bracer
36:30 Greek Fire
37:11 Crop Rotation
37:46 Plate Barding Armor
37:45 Thumb Ring
39:15 Logistica
39:25 Conscription
40:50 Scale Mail Armor
40:23 Halberdier
41:48 Chain Mail Armor
42:53 Squires
42:38 Gambesons
42:14 Long Swordsman
42:17 Elite Varangian Guard
43:30 Plate Mail Armor
44:51 Stone Shaft Mining
44:13 Arson
44:56 Elite Cataphract
46:10 Banking
48:09 Two-Handed Swordsman
TheBulAb69
0:29 Loom
13:24 Feudal Age
14:22 Horse Collar
15:11 Double-Bit Axe
19:14 Fletching
22:44 Wheelbarrow
25:55 Castle Age
24:44 Wheelbarrow
24:49 Gold Mining
24:49 Stone Mining
26:55 Heavy Plow
28:19 Bodkin Arrow
30:35 Ballistics
29:57 Treadmill Crane
30:27 Masonry
30:56 Bow Saw
33:29 Imperial Age
31:35 Murder Holes
31:51 Masonry
33:06 Gold Shaft Mining
33:03 Hand Cart
33:55 Forging
33:45 Scale Mail Armor
34:22 Man-at-Arms
34:47 Gambesons
35:03 Squires
34:48 Arson
36:32 Iron Casting
36:12 Chain Mail Armor
35:58 Bracer
35:32 Long Swordsman
36:41 Two-Handed Swordsman
38:03 Fereters
39:29 Blast Furnace
38:59 Plate Mail Armor
39:52 Fereters
40:09 Conscription
39:18 Champion
43:04 Chemistry
Frardor /Transis
1:59 Loom
13:17 Feudal Age
14:46 Wheelbarrow
13:52 Horse Collar
13:58 Double-Bit Axe
14:06 Stone Mining
14:08 Gold Mining
20:35 Castle Age
18:48 Forging
18:39 Scale Mail Armor
22:00 Bow Saw
24:59 Heavy Plow
25:32 Hand Cart
26:05 Caravan
28:50 Squires
28:35 Arson
30:55 Scale Mail Armor
34:04 Imperial Age
32:36 Gambesons
35:26 Iron Casting
35:11 Chain Mail Armor
34:35 Elite Teutonic Knight
35:36 Conscription
37:07 Blast Furnace
36:23 Chain Mail Armor
39:14 Plate Mail Armor
45:27 Crop Rotation
46:00 Two-Man Saw
44:54 Fletching
45:13 Scale Barding Armor
摘星怪
11:50 Feudal Age
12:51 Double-Bit Axe
15:38 Castle Age
15:21 Horse Collar
15:35 Stone Mining
16:53 Bow Saw
19:37 Loom
21:47 Wheelbarrow
24:17 Hand Cart
24:07 Gold Mining
25:53 Heavy Plow
27:12 Stone Shaft Mining
27:26 Gold Shaft Mining
32:55 Imperial Age
32:04 Forging
31:47 Fletching
31:57 Padded Archer Armor
33:37 Bodkin Arrow
33:58 Leather Archer Armor
36:04 Conscription
35:06 Elite Mangudai
35:18 Capped Ram
36:04 Bracer
35:59 Light Cavalry
36:49 Bloodlines
36:40 Husbandry
37:08 Parthian Tactics
36:28 Siege Ram
38:14 Ballistics
38:54 Chemistry
38:05 Masonry
38:06 Fortified Wall
38:05 Scale Barding Armor
38:11 Forging
37:39 Hussar
39:38 Heavy Camel Rider
42:45 Forging
42:56 Chain Barding Armor
42:54 Caravan
47:19 Iron Casting
46:45 Scale Mail Armor
inerZia
0:39 Loom
11:34 Feudal Age
15:46 Castle Age
14:54 Wheelbarrow
14:35 Double-Bit Axe
19:21 Forging
19:39 Gold Mining
22:52 Stone Mining
23:20 Bow Saw
32:37 Imperial Age
31:41 Gold Shaft Mining
31:47 Iron Casting
31:08 Elite Skirmisher
31:54 Husbandry
33:38 Cavalier
35:54 Chemistry
36:07 Blast Furnace
35:13 Scale Barding Armor
35:00 Fletching
35:11 Padded Archer Armor
35:38 Hand Cart
36:13 Paladin
37:36 Conscription
38:55 Chivalry
39:20 Gambesons
39:39 Bodkin Arrow
40:05 Chain Barding Armor
48:17 Plate Barding Armor
48:00 Leather Archer Armor
libor1234
2:10 Loom
12:54 Feudal Age
13:56 Double-Bit Axe
15:44 Gold Mining
19:17 Castle Age
20:02 Bow Saw
20:51 Horse Collar
24:57 Caravan
30:54 Imperial Age
29:20 Wheelbarrow
29:49 Gold Shaft Mining
29:22 Murder Holes
31:00 Scale Barding Armor
31:37 Conscription
30:43 Pikeman
32:56 Two-Man Saw
31:59 Heavy Plow
31:28 Onager
32:23 Bloodlines
34:01 Chemistry
33:05 Padded Archer Armor
34:15 Scale Mail Armor
34:31 Leather Archer Armor
34:26 Forging
34:12 Elite War Elephant
35:35 Stone Mining
36:04 Chain Mail Armor
37:05 Chain Barding Armor
38:20 Iron Casting
38:00 Devotion
37:57 Fletching
40:28 Plate Barding Armor
42:42 Blast Furnace
43:19 Heavy Scorpion
mahel
6:12 Loom
11:32 Feudal Age
12:07 Double-Bit Axe
15:23 Gold Mining
15:16 Horse Collar
19:23 Castle Age
18:00 Stone Mining
20:03 Wheelbarrow
22:01 Bow Saw
24:13 Heavy Plow
31:10 Imperial Age
29:38 Hand Cart
30:30 Thumb Ring
30:50 Silk Road
30:34 Squires
29:55 Man-at-Arms
31:56 Fletching
32:50 Husbandry
33:01 Bloodlines
32:12 Light Cavalry
33:54 Fortified Wall
33:55 Masonry
34:38 Ballistics
35:19 Chemistry
35:42 Two-Man Saw
34:53 Padded Archer Armor
35:03 Forging
34:54 Scale Mail Armor
34:50 Bodkin Arrow
35:01 Scale Barding Armor
34:25 Elite Skirmisher
34:55 Pikeman
34:56 Long Swordsman
37:12 Architecture
39:10 Crossbowman
40:32 Leather Archer Armor
40:56 Two-Handed Swordsman
41:59 Champion
42:24 Cavalier
ondrej.cz
1:16 Loom
12:15 Feudal Age
12:59 Double-Bit Axe
13:01 Horse Collar
12:59 Man-at-Arms
13:25 Arson
22:26 Castle Age
20:27 Stone Mining
20:32 Gold Mining
24:03 Heavy Plow
24:20 Bow Saw
25:34 Caravan
26:49 Wheelbarrow
26:55 Fortified Wall
29:09 Ballistics
28:45 Murder Holes
29:01 Masonry
34:10 Imperial Age
32:02 Vendel Legacy
35:59 Chemistry
34:28 Elite Jarl
35:50 Conscription
36:52 Gothikon
38:12 Pikeman
39:18 Hand Cart
42:02 Architecture
41:46 Cranequins
Connection lost

Rejoining the realm…

Still unreachable

The connection could not be restored.

Session expired

The server has moved on; the page needs a fresh start.